 Dungeon Crawl Stone Soup version 0.24.0-13-gcf9b319 (webtiles) character file.

Game seed: 13566736808809136672, levelgen mode: deterministic

3094 phalm the Cleaver (level 9, -2/82 HPs)
             Began as a Hill Orc Monk on Mar 9, 2020.
             Was a Priest of Beogh.
             Shot with a sling bullet by Joseph (5 damage)
             ... on level 8 of the Dungeon.
             The game lasted 00:24:47 (10238 turns).

phalm the Cleaver (Hill Orc Monk)                  Turns: 10238, Time: 00:24:47

Health: -2/82      AC: 14    Str: 17    XL:     9   Next: 90%
Magic:  11/11      EV:  5    Int: 10    God:    Beogh [***...]
Gold:   498        SH:  0    Dex: 13    Spells: 8/8 levels left

rFire    . . .     SeeInvis .   r - +0 war axe
rCold    . . .     Gourm    .   (no shield)
rNeg     . . .     Faith    .   w - +0 plate armour
rPois    .         Spirit   .   q - +0 helmet
rElec    .         Reflect  .   b - +0 cloak
rCorr    .         Harm     .   (no gloves)
MR       .....                  (no boots)
Stlth    ..........             (no amulet)
HPRegen  0.23/turn              (no ring)
MPRegen  0.12/turn              (no ring)

@: heavily drained
A: no striking features
a: Smiting, Renounce Religion


You were on level 8 of the Dungeon.
You worshipped Beogh.
Beogh was most pleased with you.
You were not hungry.

You visited 1 branch of the dungeon, and saw 8 of its levels.
You also visited: Sewer.

You collected 498 gold pieces.

Inventory:

Hand Weapons
 r - a +0 war axe (weapon)
Missiles
 o - 12 poisoned darts (quivered)
Armour
 b - a +0 cloak (worn)
 q - a +0 helmet (worn)
 w - a +0 plate armour (worn)
Wands
 a - a wand of paralysis (18)
 u - a wand of digging (3)
 y - a wand of polymorph (13)
 A - a wand of iceblast (6)
Scrolls
 g - 3 scrolls of random uselessness {unknown}
 j - 3 scrolls of remove curse
 k - a scroll of immolation {unknown}
 l - 2 scrolls of fear
 n - a scroll of enchant armour {unknown}
 s - a scroll of enchant weapon {unknown}
 t - 2 scrolls of teleportation {unknown}
 v - a scroll of fog {unknown}
 x - 2 scrolls of magic mapping {unknown}
 C - a scroll of blinking
Potions
 d - a potion of heal wounds
 e - 3 potions of lignification
 f - a potion of curing
 h - a potion of might
 i - 4 potions of flight
 m - 3 potions of agility
 p - a potion of brilliance {unknown}
 z - a potion of degeneration {unknown}
Comestibles
 c - 9 rations
 B - 2 chunks of flesh


   Skills:
 + Level 8.7(6.7) Fighting
 * Level 12.4(10.2) Axes
 + Level 7.0(5.1) Armour
 - Level 2.4(0.7) Dodging
 - Level 1.5(0.0) Stealth
 * Level 3.5(1.8) Invocations


You had 8 spell levels left.
You didn't know any spells.
Your spell library contained the following spells:

 Spells                   Type           Power        Failure   Level  Hunger
 Sandblast                Erth           #.....       100%        1    ##.....
 Passwall                 Tmut/Erth      #.......     100%        2    ###....
 Stone Arrow              Conj/Erth      #.....       100%        3    ####...
 Petrify                  Tmut/Erth      #.......     100%        4    #####..
 Lee's Rapid Deconstruct  Erth           #.........   100%        5    ######.


Dungeon Overview and Level Annotations

Branches:
Dungeon (8/15)             Temple (0/1) D:7           Sewer (visited)
   Lair: D:8-11

Altars:
Kikubaaqudgha
Sif Muna

Shops:
D:7 *

Annotations:
D:8 Joseph


Message History

Your plate armour prevents you from hitting Joseph.
Joseph is lightly wounded.
Joseph barely misses you.
Your plate armour prevents you from hitting Joseph.
Joseph is lightly wounded.
Joseph hits you with a +5 quarterstaff of draining!
You feel drained.
You hit Joseph but do no damage.
Joseph is lightly wounded.
Joseph completely misses you.
Joseph unwields a +5 quarterstaff of draining.
Joseph wields a +0 hunting sling of velocity.
Joseph shoots a sling bullet.
The sling bullet hits you!
* * * LOW HITPOINT WARNING * * *
x2 You see here 2 sling bullets.
Joseph shoots a sling bullet.
The sling bullet hits you!
* * * LOW HITPOINT WARNING * * *
x2 You see here a sling bullet.
Joseph shoots a sling bullet.
The sling bullet hits you.
You die...

...# .##...#.........
...# #......#........
<..# .........p...#. #
...###..............###.#
................#..@...#
...).............#....#
....##...........#(.###
.##p##....###....(...#
....#...#.......@....#
........#...[.....#.##
.......###.<.....####
.............#..##
......##....###.#
..........### ###
.).......## )...#....#
....######


You could see Joseph and a neutral freed slave (wandering).

Vanquished Creatures
  Pikel (D:8)
  A hungry ghost (D:7)
  Menkaure (D:6)
  An orc warrior (D:7)
  2 ogres
  2 sky beasts
  3 centaurs (D:6)
  3 big kobolds
  A bullfrog (D:4)
  A wyvern zombie (D:6)
  3 wights (D:6)
  An electric eel (D:6)
  A crimson imp (D:6)
  A bullfrog zombie (D:6)
  A jelly (D:7)
  4 orc priests
  3 hounds
  Crazy Yiuf (D:6)
  Natasha (thrice) (D:2)
  3 iguanas
  5 orc wizards
  4 worker ants
  A howler monkey zombie (D:8)
  14 gnolls
  14 adders
  2 river rats (Sewer)
  An adder skeleton (D:5)
  2 worms
  3 dart slugs
  4 leopard geckos
  29 orcs
  8 giant cockroaches
  4 hobgoblins
  15 jackals
  20 kobolds
  4 quokkas
  7 bats
  9 frilled lizards
  11 goblins
  2 leopard gecko skeletons
  A quokka skeleton (D:7)
  11 rats
208 creatures vanquished.

Vanquished Creatures (others)
  2 orc priests
  2 orcs (D:7)
  2 jackals (D:8)
  A quokka (D:7)
7 creatures vanquished.

Grand Total: 215 creatures vanquished

Notes
Turn   | Place    | Note
-------+----------+-------------------------------------------
     0 | D:1      | phalm the Hill Orc Monk began the quest for the Orb.
     0 | D:1      | Reached XP level 1. HP: 19/19 MP: 1/1
   313 | D:1      | Reached XP level 2. HP: 23/27 MP: 2/2
   532 | D:1      | Reached skill level 1 in Armour
   735 | D:1      | Reached XP level 3. HP: 27/33 MP: 3/3
  1059 | D:1      | Reached skill level 5 in Axes
  1584 | D:2      | Reached XP level 4. HP: 20/40 MP: 4/4
  2510 | D:2      | Noticed Natasha
  2523 | D:2      | Killed Natasha
  2523 | D:2      | Reached XP level 5. HP: 23/47 MP: 5/5
  2929 | D:2      | Noticed Natasha
  2939 | D:2      | Killed Natasha
  2939 | D:2      | Reached skill level 6 in Axes
  3027 | D:2      | Noticed Natasha
  3032 | D:2      | Killed Natasha
  3578 | D:3      | Reached skill level 5 in Fighting
  3578 | D:3      | Reached XP level 6. HP: 45/56 MP: 6/6
  3797 | D:3      | Reached skill level 7 in Axes
  4784 | D:4      | Reached XP level 7. HP: 46/61 MP: 7/7
  4806 | D:4      | Found a glowing drain.
  4854 | Sewer    | Entered a sewer
  5035 | Sewer    | Reached skill level 8 in Axes
  5083 | Sewer    | Found a white marble altar of Elyvilon.
  6615 | D:5      | Entered Level 5 of the Dungeon
  7045 | D:5      | Reached skill level 9 in Axes
  7218 | D:5      | Found a shimmering blue altar of Sif Muna.
  7541 | D:6      | Reached XP level 8. HP: 71/71 MP: 8/8
  7676 | D:6      | Noticed Menkaure
  7699 | D:6      | Killed Menkaure
  7774 | D:6      | Reached skill level 5 in Armour
  8036 | D:6      | Found an ancient bone altar of Kikubaaqudgha.
  8077 | D:6      | Found a runed translucent door.
  8078 | D:6      | Noticed Crazy Yiuf
  8116 | D:6      | Reached skill level 10 in Axes
  8230 | D:6      | Killed Crazy Yiuf
  8918 | D:6      | Reached XP level 9. HP: 76/79 MP: 9/9
  8948 | D:6      | Reached skill level 11 in Axes
  9085 | D:7      | Became a worshipper of Beogh the Brigand
  9085 | D:7      | Reached * piety under Beogh
  9085 | D:7      | Reached ** piety under Beogh
  9298 | D:7      | Found a staircase to the Ecumenical Temple.
  9710 | D:7      | Reached *** piety under Beogh
  9832 | D:7      | Found Xorar's General Store.
 10101 | D:8      | Reached skill level 12 in Axes
 10101 | D:8      | Reached skill level 1 in Invocations
 10165 | D:8      | Noticed Pikel
 10176 | D:8      | Killed Pikel
 10221 | D:8      | Noticed Joseph
 10237 | D:8      | HP: 3/82 [Joseph/sling bullet (3)]
 10238 | D:8      | Shot with a sling bullet by Joseph

Levels and vault maps discovered:
D:1:      giann_bridges, layout_basic, minmay_fountain_box,
          chequers_serial_rivers_micro_e, wander_ebering_terrifying_dragon_lair
D:2:      layout_basic, first_ration, uniq_natasha
D:3:      wad_river_or_something, layout_loops_ring, serial_bayou_pond_c
D:4:      layout_loops_corners, gup_sewer_entry_bubbles
D:5:      layout_basic, kennysheep_little_box
D:6:      layout_basic, basic_altar, fountainhead, grunt_tough_drop,
          uniq_menkaure, uniq_crazy_yiuf_cottage
D:7:      layout_basic, minmay_temple_entry_tees, serial_shops,
          nicolae_shop_temple_entry_statues_fountains
D:8:      kennysheep_spiral_hall, layout_cave_pools, uniq_pikel, uniq_joseph

Skill      XL: |  1  2  3  4  5  6  7  8  9 |
---------------+----------------------------+-----
Armour         | 1 2 3 4 5 7 |  7.0
Fighting       | 4 5 6 7 8 |  8.7
Axes           | 5 6 7 9 10 12 | 12.4
Invocations    | 3 |  3.5
Dodging        | |  2.4
Stealth        | |  1.5

Action                   |  1- 3 |  4- 6 |  7- 9 || total
-------------------------+-------+-------+-------++-------
Melee: Hand axe          |   100 |   288 |   189 ||   577
       War axe           |       |       |   278 ||   278
Throw: Dart              |     6 |    35 |    96 ||   137
Invok: Convert to Beogh  |       |       |     1 ||     1
  Use: Scroll            |       |     4 |     7 ||    11
       Potion            |       |       |     6 ||     6
 Stab: Sleeping          |     2 |       |       ||     2
       Distracted        |     1 |       |       ||     1
  Eat: Chunk             |     2 |    10 |    17 ||    29
       Ration            |       |       |     1 ||     1
Armor: Robe              |    23 |     8 |       ||    31
       Scale mail        |       |    63 |       ||    63
       Chain mail        |       |    27 |   190 ||   217
       Skin              |       |       |    22 ||    22
       Plate armour      |       |       |    89 ||    89
Dodge: Dodged            |    67 |   143 |   143 ||   353
